 Dungeon Crawl Stone Soup version 0.18-a0-1109-gfc003ac (webtiles) character file.

280 tof the Sneak (level 6, -7/42 HPs)
             Began as an Octopode Assassin on Jan 16, 2016.
             Mangled by an ogre
             ... wielding a +0 giant spiked club
              (15 damage)
             ... on level 4 of the Dungeon.
             The game lasted 00:07:32 (3802 turns).

tof the Sneak (Octopode Assassin)                   Turns: 3802, Time: 00:07:32

Health: -7/42      AC:  1    Str: 11    XL:     6   Next: 27%
Magic:  6/6        EV: 13    Int: 13    God:
Gold:   122        SH:  0    Dex: 15    Spells: 0 memorised, 5 levels left

rFire  . . .     SeeInvis .     b - +0 blowgun
rCold  . . .     Gourm    .     (no shield)
rNeg   . . .     Faith    .     (helmet restricted)
rPois  .         Spirit   .     (no amulet)
rElec  .         Dismiss  .     (no ring)
rCorr  .         Reflect  .     (no ring)
SustAt .         Harm     .     (no ring)
MR     .....                    (no ring)
Stlth  +++++.....               (no ring)
                                (no ring)
                                (no ring)
                                (no ring)

@: not resistant to hostile enchantments, quite stealthy
A: almost no armour, amphibious, 8 rings, constrict 8, camouflage 1, gelatinous
body 1
a: no special abilities


You were on level 4 of the Dungeon.
You were not hungry.

You visited 1 branch of the dungeon, and saw 4 of its levels.

You collected 122 gold pieces.

Inventory:

Hand Weapons
 a - a +2 dagger
 b - a +0 blowgun (weapon)
Missiles
 c - 5 poisoned needles (quivered)
 d - 2 curare-tipped needles
Wands
 q - a wand of frost (35/48)
Scrolls
 i - 2 scrolls of identify {unknown}
 j - a scroll of enchant armour {unknown}
 l - a scroll of teleportation {unknown}
 m - 2 scrolls of remove curse {unknown}
 n - 2 scrolls of enchant weapon {unknown}
 o - a scroll of magic mapping {unknown}
 s - a scroll of fog {unknown}
 v - a scroll of random uselessness {unknown}
Potions
 e - a potion of haste {unknown}
 g - a potion of resistance {unknown}
 k - a potion of agility {unknown}
 r - 2 potions of flight {unknown}
 t - 2 potions of lignification {unknown}
 u - a potion of poison {unknown}
 z - a potion of might {unknown}
Miscellaneous
 p - a plain deck of changes
Comestibles
 f - 2 bread rations
 h - 4 meat rations
 w - 3 chunks of flesh
 x - a slice of pizza


   Skills:
 + Level 3.1 Fighting
 * Level 3.4 Short Blades
 + Level 3.3 Throwing
 + Level 2.4 Dodging
 * Level 6.8 Stealth


You had 5 spell levels left.
You didn't know any spells.

Dungeon Overview and Level Annotations

Branches:
Dungeon (4/15)
 Temple: D:4-7

Altars:
Elyvilon
Makhleb
Nemelex Xobeh


Innate Abilities, Weirdness & Mutations

You cannot wear most types of armour.
You are amphibious.
You can wear up to eight rings at the same time.
You can use your tentacles to constrict eight enemies at once.
Your skin changes colour to match your surroundings (Stealth).
Your rubbery body absorbs attacks (AC +1).


Message History

Found a stone staircase leading down.
Firing (i - inventory. (,) - cycle):
c - 7 poisoned needles (quivered)
Press: ? - help, Shift-Dir - straight line, f/p - ogre
Aim: an ogre, wielding a giant spiked club (heavily wounded)
You shoot a poisoned needle. The poisoned needle hits the ogre!
The ogre is poisoned.
The ogre is heavily wounded.
The ogre hits you with a giant spiked club!!
Ouch! That really hurt!
The ogre hits you with a giant spiked club!
* * * LOW HITPOINT WARNING * * *
The ogre looks more healthy.
You are too injured to fight recklessly!
Firing (i - inventory. (,) - cycle):
c - 6 poisoned needles (quivered)
Press: ? - help, Shift-Dir - straight line, f/p - ogre
Aim: an ogre, wielding a giant spiked club (severely wounded)
You shoot a poisoned needle.
The poisoned needle barely misses the ogre.
The ogre hits you with a giant spiked club!
You die...

##### ######...#
..<..#.#.#
...#...#.############
#.........##........#
#..#......##........#
##.#......##..>.....#
#.#......##....@...#
##........###...O.###
.....####.#.......#
####.####...##....###
#................#
######...........#
#...........#
##..###..(.###
#...#......#


You could see an ogre.

Vanquished Creatures
  A giant frog (D:3)
  An iguana (D:3)
  2 worker ants (D:4)
  3 gnolls
  2 adders (D:3)
  3 oozes
  4 worms
  An orc (D:3)
  8 bats
  2 giant cockroaches (D:3)
  11 goblins
  11 hobgoblins
  2 jackals (D:1)
  9 kobolds
  3 giant newts
  8 rats
71 creatures vanquished.

Notes
Turn   | Place    | Note
--------------------------------------------------------------
     0 | D:1      | tof the Octopode Assassin began the quest for the Orb.
     0 | D:1      | Reached XP level 1. HP: 14/14 MP: 1/1
   116 | D:1      | Reached XP level 2. HP: 13/19 MP: 2/2
   510 | D:1      | Reached XP level 3. HP: 25/25 MP: 3/3
  1244 | D:2      | Found a burning altar of Makhleb.
  1244 | D:2      | Found a white marble altar of Elyvilon.
  1543 | D:2      | Reached XP level 4. HP: 28/30 MP: 4/4
  1599 | D:2      | Reached skill level 6 in Stealth
  2302 | D:3      | Noticed a giant frog
  2307 | D:3      | Killed a giant frog
  2307 | D:3      | Reached XP level 5. HP: 36/36 MP: 5/5
  3426 | D:3      | Reached XP level 6. HP: 42/42 MP: 6/6
  3780 | D:4      | Found a sparkling altar of Nemelex Xobeh.
  3802 | D:4      | Mangled by an ogre

Vault maps used:
D:1:      dpeg_arrival_brainrot
D:2:      gammafunk_temple_overflow_wave, amalloy_card_club
D:3:      serial_co_window_serial, co_window_corner_a,
          co_window_of_opportunity_a, co_window_paths_b, co_window_corner_a,
          co_window_of_opportunity_a, co_window_corner_b, co_window_broadway_c,
          co_window_broadway_b, co_window_4corner_b, glass_columns_a,
          glass_columns_c, glass_columns_c, serial_park_tiny_pond
D:4:      overflow_temple_1_default, first_bread

Action                   |  1- 3 |  4- 6 || total
-------------------------+-------+-------++-------
Melee: Dagger            |    66 |    75 ||   141
 Fire: Blowgun           |       |     6 ||     6
 Stab: Sleeping          |    11 |    10 ||    21
  Eat: Chunk             |     2 |     7 ||     9
